 Dungeon Crawl Stone Soup version 0.27.1-1-g398f81649c (webtiles) character file.

Game seed: 1893297439646982240

4816 Descartes the Zephyrmancer (level 10, -3/56 HPs)
             Began as a Deep Elf Wanderer on Sept 20, 2021.
             Was a Follower of Vehumet.
             Slain by a blink frog (6 damage)
             ... on level 1 of the Lair of Beasts.
             The game lasted 00:39:08 (13426 turns).

Descartes the Zephyrmancer (Deep Elf Wanderer)     Turns: 13426, Time: 00:39:11

Health: -3/56      AC:  4    Str: 11    XL:     10   Next: 24%
Magic:  19/19      EV: 15    Int: 18    God:    Vehumet [*.....]
Gold:   263        SH:  0    Dex: 20    Spells: 2/19 levels left

rFire    + . .     SeeInvis .   w - +4 trident of the Head {chaos, rC- rCorr Dex+5 Stlth+}
rCold    x . .     Faith    .   (no shield)
rNeg     . . .     Spirit   .   C - +2 robe {rF+}
rPois    .         Reflect  .   (no helmet)
rElec    +         Harm     .   (no cloak)
rCorr    +         Rampage  .   (no gloves)
Will     +....                  (no boots)
Stlth    ++++......             t - amulet of magic regeneration
HPRegen  0.18/turn              d - ring of flight
MPRegen  0.41/turn              (no ring)

@: unable to read, flying
A: electricity resistance, wild magic 1, inability to read while threatened
a: Renounce Religion


You were on level 1 of the Lair of Beasts.
You worshipped Vehumet.
Vehumet was aware of your devotion.
You visited 3 branches of the dungeon, and saw 11 of its levels.

You collected 379 gold pieces.
You spent 116 gold pieces at shops.

Inventory:

Hand Weapons
 p - a +1 dagger of venom
 w - the +4 trident of the Head (weapon) {chaos, rC- rCorr Dex+5 Stlth+}
   (You found it on level 7 of the Dungeon)

   Each time it hits an enemy it has a different, random effect.
   Dex:       It affects your dexterity (+5).
   rC:        It makes you vulnerable to cold.
   rCorr:     It protects you from acid and corrosion.
   Stlth:     It makes you more stealthy.
 z - a +1 short sword of protection
Missiles
 f - 31 poisoned darts
 j - 101 stones
 x - 59 arrows
 D - 3 silver javelins
 E - 10 boomerangs
Armour
 C - a +2 robe of fire resistance (worn)
Jewellery
 c - a ring of protection from fire
 d - a ring of flight (left hand)
 t - an amulet of magic regeneration (around neck)
 F - an amulet of guardian spirit
Wands
 b - a wand of charming (15)
 r - a wand of acid (7)
 v - a wand of iceblast (6)
Scrolls
 a - a scroll of enchant armour {unknown}
 e - a scroll of magic mapping
 g - a scroll of immolation {unknown}
 l - 3 scrolls of blinking {unknown}
 m - a scroll of brand weapon {unknown}
 n - 3 scrolls of amnesia
 o - 6 scrolls of teleportation {unknown}
 q - a scroll of enchant weapon {unknown}
 y - 2 scrolls of vulnerability {unknown}
 G - a scroll of fog {unknown}
Potions
 h - a potion of brilliance
 i - a potion of resistance
 k - a potion of attraction
 s - a potion of ambrosia
 u - 5 potions of curing
 A - a potion of lignification {unknown}
 B - a potion of berserk rage


   Skills:
 - Level 3.0 Fighting
 - Level 1.0 Throwing
 - Level 5.0 Dodging
 - Level 5.0 Stealth
 - Level 5.0 Spellcasting
 + Level 7.5 Conjurations
 + Level 4.5 Hexes
 - Level 5.0 Ice Magic
 + Level 8.4 Air Magic
 - Level 5.0 Poison Magic
 - Level 5.0 Evocations


You had 2 spell levels left.
You knew the following spells:

 Your Spells              Type           Power      Damage    Failure   Level
a - Shock                 Conj/Air       100%       1d9       1%          1
b - Mephitic Cloud        Conj/Pois/Air  38%        N/A       4%          3
c - Freeze                Ice            100%       1d11      3%          1
d - Frozen Ramparts       Ice            58%        1d7       8%          3
e - Hailstorm             Conj/Ice       35%        3d9       14%         4
f - Magic Dart            Conj           100%       1d8       1%          1
g - Fulminant Prism       Conj/Hex       17%        3d11      16%         4

Your spell library contained the following spells:

 Spells                   Type           Power      Damage    Failure   Level
 Searing Ray              Conj           82%        3d6       1%          2
 Iskenderun's Mystic Bla  Conj/Tloc      23%        2d6       36%         4
 Lee's Rapid Deconstruct  Erth           2%         3d6*      99%         5


Dungeon Overview and Level Annotations

Branches:
Dungeon (9/15)             Temple (1/1) D:5            Lair (1/6) D:8
    Orc: D:9-12

Altars:
Ashenzari
Cheibriados
Dithmenos
Elyvilon
Fedhas
Gozag
Hepliaklqana
Kikubaaqudgha
Makhleb
Nemelex Xobeh
Okawaru
Qazlal
Ru
Sif Muna
Trog
Uskayaw
Vehumet
Wu Jian
Xom
Yredelemnul
Zin
The Shining One

Shops:
D:3 *   D:6 (*=


Innate Abilities, Weirdness & Mutations

You are resistant to electric shocks. (rElec)
Your spells are a little harder to cast, but a little more powerful.
You sometimes lose the ability to read scrolls when taking damage.


Message History

You feel threatened and lose the ability to read scrolls!
The blink frog blinks!
You are too injured to fight recklessly!
You are too injured to fight recklessly!
Unknown command.
You are too injured to fight recklessly!
Unknown command.
Casting: Shock (safe; 1% risk of failure)
Confirm with . or Enter, or press ? or * to list all spells.
Aiming: Shock (safe; 1% risk of failure)
Press: ? - help, Shift-Dir - straight line, f/p - blink frog
Aim: a blink frog (heavily wounded, 54% to hit)
The zap hits the blink frog.
The blink frog is severely wounded.
The blink frog gives a loud, deep croak!
You hear a roar!
The blink frog blinks!
You hit the blink frog. You burn the blink frog.
The blink frog is lightly wounded.
The blink frog blinks!
You puncture the blink frog!
The blink frog suddenly seems more agile.
The blink frog is severely wounded.
The blink frog hits you but does no damage.
The blink frog blinks! x2
You are too injured to fight recklessly!
Aiming: Corrosive Bolt
Press: ? - help, Shift-Dir - straight line, f - blink frog, p - blink frog
Aim: a blink frog (54% to hit)
The bolt of acid hits the blink frog!
The blink frog is splashed with acid.
The blink frog is heavily wounded.
The blink frog blinks!
The blink frog barely misses you.
The blink frog blinks!
You are too injured to fight recklessly!
You closely miss the blink frog.
The blink frog is lightly wounded.
The blink frog hits you!!
* * * LOW HITPOINT WARNING * * *
The blink frog blinks!
The blink frog completely misses you.
The blink frog blinks!
The blink frog hits you.
You die...

*,,,**,,***##...**,,,,**,,,,,,*
**,,**,,,,,,....#*..,,*,,,,,,**
*,,**,,,.,*#....+.,,,**,,,,,*,
*,,*,,,,..##...#.,,,,*,,,,,,,,
*,,**,,,,,......+,,,.#*..,,,,,
**,,+,,,,,,*#....****.##...,,,,
*,,,**,**,**#...#####.#....,,,,
*,,,,,*######.§F..§........,,,,
*,,,,,,......F@......§.....,,,,
**,,,,,.......F............,,,,
*,,,,,....................,,,,
*,,*,,#P.##...................
*,,*,,.......................,
**,,*,,.,...#....##.##P.#....#,
*,,,*,,.....#...###'###.#....#,
*,,,,,,.....#...##.....##....#,
**,,*,,.........##.....#P....#.


You could see 3 blink frogs.

Vanquished Creatures
  A hydra (Lair:1)
  A cane toad (D:8)
  A komodo dragon (Lair:1)
  A hornet (D:8)
  A blink frog (Lair:1)
  A yak (D:8)
  A basilisk (Lair:1)
  A water moccasin (D:5)
  3 orc warriors (D:8)
  2 black bears
  An ice beast (D:8)
  2 centaurs (D:8)
  5 bullfrogs
  3 scorpions
  A water moccasin zombie (D:5)
  2 water moccasin skeletons
  3 killer bees (D:4)
  9 wights
  2 howler monkeys (D:8)
  2 jellies
  2 bullfrog zombies
  A centaur zombie (D:8)
  A hound (D:6)
  2 orc priests (D:8)
  An iron imp (D:6)
  3 bullfrog skeletons
  A centaur skeleton (D:6)
  4 iguanas
  9 orc wizards
  A howler monkey zombie (D:5)
  9 adders
  A howler monkey skeleton (D:5)
  3 white imps
  An adder skeleton (D:4)
  2 dart slugs
  25 orcs
  5 ball pythons
  9 endoplasms
  4 giant cockroaches
  10 goblins
  4 hobgoblins
  4 jackals (D:1)
  2 quokkas (D:1)
  9 bats
  2 frilled lizards
  A jackal skeleton (D:4)
  3 kobolds
  5 rats
167 creatures vanquished.

Vanquished Creatures (others)
  An adder skeleton (D:4)
  A hobgoblin (D:4)
  7 fungi (D:8)
  10 plants (D:8)
19 creatures vanquished.

Grand Total: 186 creatures vanquished

Notes
Turn   | Place    | Note
-------+----------+-------------------------------------------
     0 | D:1      | Descartes the Deep Elf Wanderer began the quest for the
                  | Orb.
     0 | D:1      | Descartes set off with the following items: a +0 spear, a
                  | wand of charming (15), a +0 robe; and the following spell
                  | memorised: Shock; and the following spells available to
                  | memorise: Mephitic Cloud
     0 | D:1      | Reached XP level 1. HP: 13/13 MP: 3/3
   276 | D:1      | Reached skill level 1 in Spellcasting
   276 | D:1      | Reached XP level 2. HP: 18/18 MP: 3/5
   466 | D:1      | Reached skill level 1 in Conjurations
  1056 | D:1      | Reached XP level 3. HP: 22/22 MP: 5/7
  2236 | D:2      | Learned a level 3 spell: Mephitic Cloud
  2341 | D:2      | Reached XP level 4. HP: 27/27 MP: 2/9
  3024 | D:3      | Found Heniak's Assorted Antiques.
  3029 | D:3      | Bought a scroll labelled CICATOCHEE for 31 gold pieces
  3029 | D:3      | Bought a cyan potion for 27 gold pieces
  3220 | D:3      | Reached skill level 1 in Poison Magic
  3705 | D:4      | Found a shimmering blue altar of Sif Muna.
  3725 | D:4      | Reached XP level 5. HP: 8/32 MP: 7/11
  3725 | D:4      | Gained mutation: You are resistant to electric shocks.
                  | (rElec) [potion of mutation]
  3725 | D:4      | Gained mutation: You sometimes lose the ability to read
                  | scrolls when taking damage. [potion of mutation]
  3725 | D:4      | Gained mutation: Your spells are a little harder to cast,
                  | but a little more powerful. [potion of mutation]
  4040 | D:4      | Reached skill level 1 in Dodging
  4239 | D:4      | Learned a level 1 spell: Freeze
  4243 | D:4      | Learned a level 3 spell: Frozen Ramparts
  4495 | D:4      | Reached XP level 6. HP: 37/37 MP: 10/13
  5002 | D:5      | Entered Level 5 of the Dungeon
  5019 | D:5      | Found a staircase to the Ecumenical Temple.
  5028 | Temple   | Entered the Ecumenical Temple
  5171 | Temple   | Became a worshipper of Vehumet
  5361 | D:5      | Reached skill level 1 in Ice Magic
  5489 | D:5      | Found an opulent altar of Gozag.
  5554 | D:5      | Found a basalt altar of Yredelemnul.
  5814 | D:5      | Reached skill level 1 in Stealth
  5814 | D:5      | Reached skill level 6 in Air Magic
  5814 | D:5      | Reached XP level 7. HP: 28/41 MP: 7/15
  6355 | D:5      | Found a broken altar of Ashenzari.
  6518 | D:6      | Found a burning altar of Makhleb.
  6654 | D:6      | Learned a level 4 spell: Hailstorm
  7711 | D:6      | Found Zin's Purification Station.
  7717 | D:6      | Found a glowing silver altar of Zin.
  7733 | D:6      | Reached XP level 8. HP: 43/46 MP: 11/17
  7857 | D:3      | Bought a black potion for 27 gold pieces
  7857 | D:3      | Bought a scroll labelled ZURENE BASUK for 31 gold pieces
  8008 | D:6      | Found Goanuz's Jewellery Shop.
  8038 | D:6      | Found a shimmering altar of Xom.
  8040 | D:6      | Found a shimmering altar of Xom.
  8043 | D:6      | Found a shimmering altar of Xom.
  8043 | D:6      | Found a shimmering altar of Xom.
  8044 | D:6      | Found a shimmering altar of Xom.
  8044 | D:6      | Found a shimmering altar of Xom.
  8190 | D:6      | Found Fagoc's Weapon Shop.
  8308 | D:7      | Identified the +4 trident of the Head {chaos, rC- rCorr
                  | Dex+5 Stlth+}
  8347 | D:7      | Reached skill level 5 in Spellcasting
  9058 | D:7      | Reached * piety under Vehumet
  9058 | D:7      | Offered knowledge of Magic Dart by Vehumet.
  9063 | D:7      | Learned a level 1 spell: Magic Dart
  9305 | D:7      | Learned a level 4 spell: Fulminant Prism
  9465 | D:8      | Noticed a hornet
  9470 | D:8      | Killed a hornet
 10023 | D:8      | Found a shadowy altar of Dithmenos.
 10039 | D:8      | HP: 2/41 [wight (13)]
 10184 | D:8      | Reached skill level 5 in Conjurations
 10456 | D:8      | Reached XP level 9. HP: 47/48 MP: 16/18
 10858 | D:8      | Reached skill level 7 in Air Magic
 11203 | D:8      | Reached skill level 5 in Dodging
 11781 | D:8      | Reached skill level 5 in Stealth
 11781 | D:8      | Reached skill level 5 in Poison Magic
 12386 | D:8      | Found a staircase to the Lair.
 12467 | D:8      | Reached skill level 5 in Ice Magic
 12759 | D:9      | Noticed a two-headed ogre
 12808 | Lair:1   | Entered Level 1 of the Lair of Beasts
 12808 | Lair:1   | Noticed a cane toad
 12818 | D:8      | Killed a cane toad
 12819 | D:8      | Reached skill level 5 in Evocations
 13221 | Lair:1   | Noticed a seven-headed hydra
 13233 | Lair:1   | Killed a seven-headed hydra
 13234 | Lair:1   | Reached skill level 8 in Air Magic
 13234 | Lair:1   | Reached XP level 10. HP: 56/56 MP: 19/19
 13418 | Lair:1   | Offered knowledge of Searing Ray by Vehumet.
 13426 | Lair:1   | Slain by a blink frog

Illustrated notes

Levels and vault maps discovered:
D:1:      grunt_arrival_lava_bath, layout_loops_ring, minmay_door_square,
          feat_on_display
D:2:      layout_basic, roderic_serpentine_path
D:3:      layout_loops_ring, serial_shops, shop
D:4:      layout_loops_ring, nicolae_overflow_crystal_walls, lemuel_flame_loot_1
D:5:      layout_gridville, mainiacjoe_overflow_six_doors_small,
          mainiacjoe_overflow_24_doors, nicolae_overflow_hidden_temple,
          minmay_temple_entry_statues_fountains
D:6:      layout_rooms, makhleb_grotto_becter, xom_redecorated, zin_purify,
          serial_shops, nicolae_shop_behind_doors, shop
D:7:      layout_basic, solitary_fountain
D:8:      layout_rooms, nicolae_dithmenos_shadow_blocks,
          grunt_lair_entry_orc_guard_hut, minmay_misc_feat_doors
D:9:      layout_stronghold, serial_glass, glass_columns_a, glass_columns_a
Temple:   eino_narrow_crystal_temple
Lair:1:   layout_regular_city, gauntlet_entry_generic, beast_lair_carwin_4,
          uniq_maggie

Skill      XL: |  1  2  3  4  5  6  7  8  9 10 |
---------------+-------------------------------+-----
Spellcasting   | 1 2 3 4 5 |  5.0
Conjurations   | 1 2 3 4 5 7 |  7.5
Fighting       | 3 |  3.0
Poison Magic   | 1 2 3 4 5 |  5.0
Dodging        | 1 2 3 4 5 |  5.0
Ice Magic      | 1 2 3 5 |  5.0
Stealth        | 1 2 4 5 |  5.0
Air Magic      | 6 8 |  8.4
Evocations     | 3 5 |  5.0
Hexes          | 3 4 |  4.5
Throwing       | |  1.0

Action                   |  1- 3 |  4- 6 |  7- 9 | 10-12 || total
-------------------------+-------+-------+-------+-------++-------
Melee: Spear             |     9 |       |       |       ||     9
       Trident           |       |       |    56 |    18 ||    74
 Cast: Shock             |    88 |   115 |   259 |    14 ||   476
       Mephitic Cloud    |       |       |    16 |     1 ||    17
       Magic Dart        |       |       |     2 |       ||     2
Evoke: Wand              |       |       |     9 |     1 ||    10
  Use: Potion            |     4 |     4 |     4 |       ||    12
       Scroll            |       |       |     6 |       ||     6
 Stab: Confused          |       |       |     2 |       ||     2
Armor: Robe              |    11 |    12 |    14 |     2 ||    39
Dodge: Dodged            |    38 |    42 |   113 |     8 ||   201
